 Dungeon Crawl Stone Soup version 0.23.2-33-g5129a83184 (webtiles) character file.

Game seed: 9018120787348491396

79 Electrofox the Changer (level 4, 0/35 HPs)
             Began as a Draconian Transmuter on Aug 3, 2019.
             Succumbed to a worker ant's poison
             ... on level 3 of the Dungeon.
             The game lasted 00:15:55 (2678 turns).

Electrofox the Changer (Draconian Transmuter)       Turns: 2678, Time: 00:15:56

Health: 0/35       AC:  6    Str: 12    XL:     4   Next: 16%
Magic:  3/8        EV: 12    Int: 17    God:
Gold:   105        SH:  0    Dex: 11    Spells: 5/8 levels left

rFire    . . .     SeeInvis .     - Unarmed
rCold    . . .     Gourm    .   (no shield)
rNeg     . . .     Faith    .   (armour unavailable)
rPois    .         Spirit   .   (helmet restricted)
rElec    .         Reflect  .   (no cloak)
rCorr    .         Harm     .   (no gloves)
MR       +....                  (no boots)
Stlth    +.........             (no amulet)
HPRegen  0.11/turn              (no ring)
MPRegen  0.11/turn              (no ring)

@: lethally poisoned (0 -> -9), very slightly contaminated
A: unfitting armour, clever 1, magic resistance 1, shaggy fur 1, cold-blooded,
AC +5
a: no special abilities


You were on level 3 of the Dungeon.
You were not hungry.

You visited 1 branch of the dungeon, and saw 3 of its levels.

You collected 105 gold pieces.

Inventory:

Hand Weapons
 b - a +0 hunting sling
Missiles
 a - 38 arrows
 h - 10 sling bullets
 k - 2 javelins (quivered)
Scrolls
 e - a scroll of random uselessness {unknown}
 f - a scroll of teleportation {unknown}
 g - 3 scrolls of remove curse {unknown}
 j - 2 scrolls of identify {unknown}
 m - 3 scrolls of noise {unknown}
 o - a scroll of fear {unknown}
Potions
 d - a potion of berserk rage {unknown}
 i - a potion of mutation
 l - 2 potions of ambrosia {unknown}
 n - a potion of heal wounds {unknown}
 p - 2 potions of curing {unknown}
Comestibles
 c - a ration


   Skills:
 - Level 1.1 Fighting
 - Level 1.7 Dodging
 - Level 3.0 Unarmed Combat
 + Level 2.8 Spellcasting
 * Level 3.8 Transmutations


You had 5 spell levels left.
You knew the following spells:

 Your Spells              Type           Power        Failure   Level  Hunger
a - Beastly Appendage     Tmut           ###...       3%          1    #......
b - Sticks to Snakes      Tmut           ###.....     5%          2    ##.....

Your spell library contained the following spells:

 Spells                   Type           Power        Failure   Level  Hunger
 Spider Form              Tmut/Pois      #.........   24%         3    ###....
 Ice Form                 Ice/Tmut       #.......     63%         4    #####..
 Blade Hands              Tmut           ###.......   71%         5    ######.


Dungeon Overview and Level Annotations

Branches:
Dungeon (3/15)

Altars:


Innate Abilities, Weirdness & Mutations

Your plain brown scales are hard. (AC +5)
You cannot fit into any form of body armour.
You are cold-blooded and may be slowed by cold attacks.
Your mind is acute. (Int +2)
You are resistant to hostile enchantments. (MR+)
You are covered in fur. (AC +1)


Message History

Your adder poisons the worker ant!
Your ball python barely misses the worker ant.
Your ball python constricts the worker ant.
The worker ant bites your ball python.
Your adder bites the worker ant but does no damage.
There is a stone staircase leading up here.
Okay, then.
It was a potion of mutation.
You feel extremely strange. Fur sprouts all over your body.
You feel resistant to hostile enchantments.
You feel clever.
* * * LOW HITPOINT WARNING * * *
You feel sick.
Your ball python bites the worker ant but does no damage.
Your ball python constricts the worker ant.
The worker ant bites your ball python.
Your ball python dies!
Your adder bites the worker ant but does no damage.
Your talons disappear.
You die...

.# .. .# #. .###
#.# ... #.#
..#####
#.##..#....
#.......#
#..@....#
#.......##
#######..........
........a.....###
.######.S.....#
#.......#
#.###..... #.#
#..#. #.# ..#


You could see a worker ant and a friendly adder.

Vanquished Creatures
  3 adders (D:2)
  3 oozes
  A leopard gecko (D:1)
  A giant cockroach (D:1)
  5 hobgoblins
  3 jackals (D:1)
  A quokka (D:2)
  6 bats
  4 frilled lizards
  4 goblins
  4 kobolds
  A leopard gecko skeleton (D:2)
  3 rats (D:2)
39 creatures vanquished.

Vanquished Creatures (collateral kills)
  An adder (D:2)
1 creature vanquished.

Grand Total: 40 creatures vanquished

Notes
Turn   | Place    | Note
-------+----------+-------------------------------------------
     0 | D:1      | Electrofox the Draconian Transmuter began the quest for the
                  | Orb.
     0 | D:1      | Reached XP level 1. HP: 16/16 MP: 3/3
   578 | D:1      | Reached XP level 2. HP: 21/23 MP: 5/5
   588 | D:1      | Learned a level 2 spell: Sticks to Snakes
  1343 | D:2      | Reached XP level 3. HP: 10/28 MP: 3/6
  2075 | D:2      | Reached XP level 4. HP: 29/35 MP: 5/8
  2677 | D:3      | Gained mutation: You are covered in fur. (AC +1) [potion of
                  | mutation]
  2677 | D:3      | Gained mutation: You are resistant to hostile enchantments.
                  | (MR+) [potion of mutation]
  2677 | D:3      | Gained mutation: Your mind is acute. (Int +2) [potion of
                  | mutation]
  2677 | D:3      | HP: 1/35 [poisoned by a worker ant]
  2678 | D:3      | Succumbed to a worker ant's poison

Skill      XL: |  1  2 |
---------------+-------+-----
Transmutations | 3 |  3.8
Fighting       | |  1.1
Dodging        | |  1.7
Unarmed Combat | |  3.0
Spellcasting   | |  2.8

Action                   |  1- 3 |  4- 6 || total
-------------------------+-------+-------++-------
Melee: Unarmed           |   132 |    18 ||   150
       Tailslap          |     7 |     1 ||     8
       Kick              |     3 |       ||     3
       Punch             |     1 |       ||     1
 Fire: Hunting sling     |    19 |     3 ||    22
 Cast: Beastly Appendage |     3 |     1 ||     4
       Sticks to Snakes  |     3 |     2 ||     5
  Use: Potion            |       |     1 ||     1
 Stab: Distracted        |     1 |       ||     1
       Sleeping          |     1 |       ||     1
  Eat: Chunk             |     4 |       ||     4
       Ration            |       |     1 ||     1
Armor: Skin              |    50 |     3 ||    53
Dodge: Dodged            |   124 |    14 ||   138
